 Dungeon Crawl Stone Soup version 0.23-a0-619-g281719c (webtiles) character file.

82 tilp the Chiller (level 4, -6/30 HPs)
             Began as a Merfolk Ice Elementalist on Dec 21, 2018.
             Killed by nerve-wracking pain
             ... invoked by a shadow imp
              (12 damage)
             ... on level 3 of the Dungeon on Dec 22, 2018.
             The game lasted 00:08:36 (2434 turns).

tilp the Chiller (Merfolk Ice Elementalist)         Turns: 2434, Time: 00:08:37

Health: -6/30      AC:  1    Str:  8    XL:     4   Next: 43%
Magic:  4/7        EV: 13    Int: 15    God:
Gold:   58         SH:  0    Dex: 14    Spells: 1/7 levels left

rFire    . . .     SeeInvis .   a - +0 dagger
rCold    . . .     Gourm    .   (no shield)
rNeg     . . .     Faith    .   h - +0 robe
rPois    .         Spirit   .   (no helmet)
rElec    .         Reflect  .   (no cloak)
rCorr    .         Harm     .   (no gloves)
MR       .....                  m - -2 pair of boots (curse)
Stlth    ++........             (no amulet)
HPRegen  0.10/turn              (no ring)
MPRegen  0.10/turn              (no ring)

@: no status effects
A: change form in water, swift swim, stealthy swim
a: no special abilities


You were on level 3 of the Dungeon.
You were not hungry.

You visited 1 branch of the dungeon, and saw 3 of its levels.

You collected 58 gold pieces.

Inventory:

Hand Weapons
 a - a +0 dagger (weapon)
 b - a +0 blowgun
 f - a +0 spear
 n - a +0 trident
Missiles
 g - 16 stones (quivered)
 r - 15 poisoned needles
Armour
 h - a +0 robe (worn)
 m - a cursed -2 pair of boots (worn)
Jewellery
 i - an uncursed amulet of the gourmand
Scrolls
 d - a scroll of remove curse {unknown}
 p - a scroll of fear {unknown}
 q - a scroll of magic mapping {unknown}
Potions
 e - a potion of heal wounds
 k - a potion of flight
 l - a potion of agility {unknown}
 o - a potion of berserk rage {unknown}
Comestibles
 c - 7 rations
 j - 4 chunks of flesh


   Skills:
 - Level 2.6 Dodging
 - Level 2.1 Stealth
 - Level 2.0 Spellcasting
 - Level 0.7 Conjurations
 + Level 5.6 Ice Magic


You had one spell level left.
You knew the following spells:

 Your Spells              Type           Power        Failure   Level  Hunger
a - Freeze                Ice            ###.         2%          1    #......
b - Throw Frost           Conj/Ice       ##....       9%          2    ###....
c - Ozocubu's Armour      Chrm/Ice       #.......     22%         3    ###....

Your spell library contained the following spells:

 Spells                   Type           Power        Failure   Level  Hunger
 Throw Icicle             Conj/Ice       ##......     52%         4    #####..
 Summon Ice Beast         Ice/Summ       #.......     56%         4    #####..


Dungeon Overview and Level Annotations

Branches:
Dungeon (3/15)

Altars:

Annotations:
D:3 Ijyb


Message History

Pain shoots through your body!
Casting: Freeze (safe; 2% risk of failure)
Confirm with . or Enter, or press ? or * to list all spells.
Aiming: Freeze (safe; 2% risk of failure)
Press: ? - help, Shift-Dir - straight line, f - shadow imp
Aim: a shadow imp You freeze the shadow imp.
The shadow imp resists.
The shadow imp is lightly wounded.
The shadow imp hits you.
* * * LOW HITPOINT WARNING * * *
Casting: Freeze (safe; 2% risk of failure)
Confirm with . or Enter, or press ? or * to list all spells.
Aiming: Freeze (safe; 2% risk of failure)
Press: ? - help, Shift-Dir - straight line, f/p - shadow imp
Aim: a shadow imp (lightly wounded)
You freeze the shadow imp.
The shadow imp resists.
The shadow imp is moderately wounded.
The shadow imp gestures at you. Pain shoots through your body!
You die...

#.# #.# .# #.# #.# .#
#.# #.# ##.# #
###.#######.#####...# .$
...........>.(....#.#..#
.##########.#..........#
............##...###...#
..############.#)#[#.#.#
..# #....@#.#.... ..#
#.#...5b....# ..#
#.!...##.##... ..#
...###.#...#.## ..#
#.#.#.....?..... ..#
#...###.#...#.## ..#
#......##.##... ..#
#.#.#.........# .##


You could see a shadow imp and a bat.

Vanquished Creatures
  3 adders (D:3)
  A worm (D:2)
  A dart slug (D:1)
  2 leopard geckos (D:2)
  An orc (D:3)
  7 bats
  3 giant cockroaches
  7 goblins
  5 hobgoblins
  2 jackals (D:3)
  A quokka (D:3)
  2 frilled lizards
  8 kobolds
  5 rats
48 creatures vanquished.

Notes
Turn   | Place    | Note
-------+----------+-------------------------------------------
     0 | D:1      | tilp the Merfolk Ice Elementalist began the quest for the
                  | Orb.
     0 | D:1      | Reached XP level 1. HP: 13/13 MP: 3/3
   372 | D:1      | Reached XP level 2. HP: 19/19 MP: 3/5
   467 | D:1      | Reached skill level 4 in Ice Magic
   613 | D:1      | Learned a level 2 spell: Throw Frost
  1090 | D:2      | Reached XP level 3. HP: 24/24 MP: 4/6
  1095 | D:2      | Learned a level 3 spell: Ozocubu's Armour
  1249 | D:2      | Upgraded the game from 0.23-a0-612-gcb482e9 to
                  | 0.23-a0-619-g281719c
  1716 | D:3      | Reached skill level 5 in Ice Magic
  1846 | D:3      | Noticed Ijyb
  2016 | D:3      | Reached XP level 4. HP: 17/30 MP: 4/7
  2375 | D:3      | Noticed an ogre
  2434 | D:3      | Killed from afar by a shadow imp

Vault maps used:
D:1:      mushboom_english_gardens
D:2:      serial_glass, glass_columns_c, glass_columns_b, glass_columns_c,
          glass_columns_c, glass_columns_a, first_ration
D:3:      hangedman_decor_push, minmay_fractal_squares_5, uniq_sigmund,
          uniq_ijyb, uniq_natasha

Skill      XL: |  1  2  3 |
---------------+----------+-----
Ice Magic      | 4 5 |  5.6
Dodging        | |  2.6
Stealth        | |  2.1
Spellcasting   | |  2.0
Conjurations   | |  0.7

Action                   |  1- 3 |  4- 6 || total
-------------------------+-------+-------++-------
Melee: Dagger            |    14 |     4 ||    18
Throw: Stone             |    30 |       ||    30
 Cast: Freeze            |    59 |    14 ||    73
  Use: Scroll            |     5 |       ||     5
 Stab: Sleeping          |     4 |     2 ||     6
  Eat: Chunk             |     4 |     2 ||     6
Armor: Robe              |     4 |       ||     4
Dodge: Dodged            |    41 |     9 ||    50

Table legend:
 A = Non-vault XP
 B = Vault XP
 C = Vault XP percentage of total XP
 D = Non-vault monster count
 E = Vault monster count
 F = Vault count percentage of total count
                 A         B        C        D         E       F
            +---------+---------+-------+---------+---------+-------
      Total |      99 |      19 |  16.1 |      43 |       5 |  10.4
            +---------+---------+-------+---------+---------+-------
        D:1 |      23 |       0 |   0.0 |      13 |       0 |   0.0
        D:2 |      26 |       3 |  10.3 |      13 |       1 |   7.1
        D:3 |      50 |      16 |  24.2 |      17 |       4 |  19.0
            +---------+---------+-------+---------+---------+-------
